 Dungeon Crawl Stone Soup version 0.31-a0-1101-g9ad1905 (webtiles) character file.

Game seed: 5994403277113511483

2111 DevouringOne the Grappler (level 9, -13/78 HPs)
             Began as an Armataur Fighter on Dec 1, 2023.
             Was an Initiate of Gozag.
             Mangled by a hornet (15 damage)
             ... on level 7 of the Dungeon.
             The game lasted 00:07:29 (5537 turns).

DevouringOne the Grappler (Armataur Fighter)        Turns: 5537, Time: 00:07:30

Health: -13/78     AC:  6    Str: 26    XL:     9   Next: 7%
Magic:  0/9        EV:  7    Int:  8    God:    Gozag
Gold:   288        SH:  4    Dex: 10    Spells: 8/8 levels left

rFire   . .          .
                       - Unarmed
rCold   . . .        b - +0 buckler
rNeg    . . .        a - +0 scale mail
rPois   .            o - melded +1 helmet
rElec   .            (cloak currently unavailable)
rCorr   .            (gloves currently unavailable)
SInv    .            (no barding)
Will    .....        e - amulet of guardian spirit Stlth
                     (no ring)
HPRegen 0.33/turn    (no ring)
MPRegen 0.11/turn

%: guardian spirit, roll
@: lethally poisoned (-13 -> -17), beast-form, slowed, very slow
A: beast (slay +0), large, deformed body, tough skin 3, armoured tail, roll 2,
long tongue
a: Begin Untransformation, Renounce Religion, Potion Petition, Call Merchant,
Bribe Branch


You were on level 7 of the Dungeon.
You worshipped Gozag.
Gozag was aware of your devotion.
You were a hulking beast.
You visited 2 branches of the dungeon, and saw 8 of its levels.

You collected 682 gold pieces.
You spent 329 gold pieces at shops.
You paid 65 gold pieces to Gozag.

Inventory:

Missiles
 c - 4 poisoned darts
 y - 2 throwing nets
Armour
 a - a +0 scale mail (worn)
 b - a +0 buckler (worn)
 o - a +1 helmet (melded)
 v - a +0 pair of gloves
 w - a +0 cloak
Jewellery
 e - an amulet of guardian spirit (around neck)
 l - a ring of fire
 B - a ring of fire
Talismans
 d - a beast talisman (active)
Wands
 q - a wand of flame (43)
 u - a wand of polymorph (13)
 A - a wand of paralysis (11)
Scrolls
 f - 5 scrolls of revelation
 h - a scroll of fog
 i - 8 scrolls of teleportation
 m - a scroll of noise
 p - 2 scrolls of poison
 s - 3 scrolls of amnesia
 z - 2 scrolls of immolation
Potions
 g - a potion of ambrosia {unknown}
 j - a potion of brilliance {unknown}
 k - a potion of mutation {unknown}
 r - 2 potions of attraction {unknown}
 t - 3 potions of heal wounds {unknown}
 x - 3 potions of degeneration {unknown}


   Skills:
 + Level 6.9 Fighting
 - Level 3.6 Armour
 - Level 3.2 Shields
 * Level 9.1 Unarmed Combat


You had 8 spell levels left.
You didn't know any spells.
Your spell library contained the following spells:

 Spells                   Type           Power      Damage    Failure   Level
 Cigotuvi's Dreadful Rot  Necr/Pois/Air  0%         N/A       87%         2
 Wereblood                Tmut           0%         N/A       87%         2
 Ignite Poison            Fire/Tmut/Pois 0%         N/A       98%         3
 Anguish                  Hex/Necr       0%         N/A       100%        4
 Cause Fear               Hex            0%         N/A       100%        4
 Freezing Cloud           Conj/Ice/Air   0%         6-21      100%        5
 Irradiate                Conj/Tmut      0%         3d11      100%        5
 Enfeeble                 Hex            0%         N/A       100%        7


Dungeon Overview and Level Annotations

Branches:
Dungeon (7/15)             Temple (1/1) D:4

Altars:
Ashenzari
Dithmenos
Elyvilon
Fedhas
Gozag
Kikubaaqudgha
Makhleb
Nemelex Xobeh
Okawaru
Qazlal
Ru
Sif Muna
Trog
Uskayaw
Vehumet
Wu Jian
Xom
Yredelemnul
The Shining One
Lugonu

Shops:
D:5 ?

Annotations:
D:3 2 transporters
D:6 1 transporter


Innate Abilities, Weirdness & Mutations

You are a hulking beast.
Your limbs bulge with bestial killing power. (Slay +0)
Armour fits poorly on your strangely shaped body.
You have extremely tough skin. (AC +3)
You have a long armoured tail.
You roll and regenerate health when moving toward enemies. (Rampage Heal)
Your long tongue fully drains potion bottles. (2x potion effects)


Message History

You hear a splashing noise.
A hornet comes into view.
The hornet buzzes angrily.
You hit the hornet but do no damage.
Your tail-slap misses the hornet.
A nearby plant withers and dies.
The hornet stings you.
You are poisoned.
You feel yourself slow down. The hornet stings you!
You are more poisoned.
You feel as though you will be slow longer.
You punch the hornet! You tail-slap the hornet.
The hornet is heavily wounded.
You feel very sick. The hornet stings you!
You feel as though you will be slow longer.
The hornet stings you but does no damage.
You are too injured to fight recklessly!
You feel very sick. The hornet stings you!
* * * LOW HITPOINT WARNING * * *
You suddenly lose the ability to move!
You feel sick.
The hornet stings you but does no damage.
You feel sick.
The hornet stings you but does no damage.
The hornet stings you!
* * * LOW HITPOINT WARNING * * *
You feel as though you will be slow longer.
You can move again.
Read: scroll of butterflies
Press: ? - help, Q - select action, (/) - cycle Dir - look around, f - activate You can't see that place.
As you read the scroll of butterflies, it crumbles to dust.
You hear the flapping of tiny wings.
The hornet is knocked back by the sudden gust.
* * * LOW HITPOINT WARNING * * *
You feel sick. The hornet stings you.
* * * LOW HITPOINT WARNING * * *
You shrug off the repeated paralysis!
The hornet stings you!
You die...
Your body crumbles into a pile of gold. ....#....# ###. ....#....# ##... o .........###...###.. ....#..b..b......... ................).. #..bbb#.##....P~ #bbbbbb...#

. #bbbb####.# S ~P♣♣
#hbbb####.##P~≈♣
~~~~P♣#y###.......~≈♣
~~~~~~~b##..##..P~~~♣
P~P~P~~..(.####PP~♣♣P♣
........b.##


PP♣PPP ~~~~~SP..## ~♣~PPP ~~~~P♣#### P~~..P. ~~~~~ ~~PP### ♣~♣♣. c You could see
a hornet (ally target).

Vanquished Creatures
  Prince Ribbit (D:5)
  Menkaure (D:5)
  Edmund (D:4)
  2 water moccasins
  An orc warrior (D:6)
  A sky beast (D:5)
  A centaur (D:6)
  A phantom (D:5)
  Blork the orc (D:5)
  A scorpion (D:6)
  2 hounds
  3 jellies (D:6)
  3 orc priests
  Crazy Yiuf (D:5)
  Ijyb (D:4)
  Terence (D:3)
  5 iguanas
  A sleepcap (D:5)
  Natasha (thrice) (D:4)
  8 orc wizards
  Robin (D:3)
  5 gnolls
  7 adders
  A white imp (D:6)
  An ufetubus (D:5)
  A worm (D:2)
  3 dart slugs
  18 orcs
  5 bats
  9 endoplasms
  3 giant cockroaches
  16 hobgoblins
  4 jackals
  A quokka (D:1)
  5 ball pythons
  5 frilled lizards (D:1)
  14 goblins
  7 kobolds
  3 rats (D:2)
148 creatures vanquished.

Notes
Turn   | Place    | Note
-------+----------+-------------------------------------------
     0 | D:1      | DevouringOne the Armataur Fighter began the quest for the
                  | Orb.
     0 | D:1      | Reached XP level 1. HP: 18/18 MP: 1/1
    63 | D:1      | Found a faded altar of an unknown god.
    87 | D:1      | Reached skill level 2 in Unarmed Combat
   138 | D:1      | Reached XP level 2. HP: 6/26 MP: 2/2
   546 | D:1      | Reached XP level 3. HP: 28/31 MP: 3/3
   782 | D:1      | Reached skill level 3 in Unarmed Combat
   875 | D:2      | Found Ekith's Weapon Boutique.
  1111 | D:2      | Reached XP level 4. HP: 33/38 MP: 2/4
  1424 | D:2      | Identified the +2 sling "Wocaashra" {elec, rC+}
  1622 | D:3      | Reached skill level 4 in Unarmed Combat
  1628 | D:3      | Reached XP level 5. HP: 7/46 MP: 1/5
  1898 | D:3      | Found a transporter.
  1944 | D:3      | Found a burning altar of Makhleb.
  1987 | D:3      | Noticed Terence
  2023 | D:3      | Killed Terence
  2095 | D:3      | Noticed Robin
  2117 | D:3      | Killed Robin
  2118 | D:3      | Reached XP level 6. HP: 44/52 MP: 4/6
  2254 | D:3      | Found a transporter.
  2418 | D:3      | Reached skill level 5 in Unarmed Combat
  2507 | D:4      | Noticed Natasha
  2511 | D:4      | Killed Natasha
  2538 | D:4      | Noticed Natasha
  2549 | D:4      | Killed Natasha
  2564 | D:4      | Found a staircase to the Ecumenical Temple.
  2601 | Temple   | Entered the Ecumenical Temple
  2620 | Temple   | Became a worshipper of Gozag Ym Sagoz the Greedy
  2847 | D:4      | Noticed Edmund
  2847 | D:4      | Noticed Ijyb
  2856 | D:4      | Killed Ijyb
  2865 | D:4      | Killed Edmund
  2866 | D:4      | Gained mutation: You roll and regenerate health when moving
                  | toward enemies. (Rampage Heal) [Armataur growth]
  2866 | D:4      | Reached XP level 7. HP: 34/60 MP: 4/7
  3033 | D:4      | Reached skill level 6 in Unarmed Combat
  3119 | D:4      | Noticed Natasha
  3125 | D:4      | Killed Natasha
  3126 | D:4      | Reached skill level 5 in Fighting
  3248 | D:5      | Entered Level 5 of the Dungeon
  3251 | D:5      | Noticed Blork the orc
  3259 | D:5      | Killed Blork the orc
  3309 | D:5      | Noticed Menkaure
  3322 | D:5      | Killed Menkaure
  3512 | D:5      | Noticed Prince Ribbit
  3525 | D:5      | Killed Prince Ribbit
  3526 | D:5      | Reached skill level 7 in Unarmed Combat
  3526 | D:5      | Reached XP level 8. HP: 49/70 MP: 4/8
  3726 | D:5      | Found a runed translucent door.
  3727 | D:5      | Noticed Crazy Yiuf
  3732 | D:5      | Killed Crazy Yiuf
  3884 | D:5      | Found Ipyof's Magic Scroll Shoppe.
  3940 | D:5      | Bought a scroll of identify for 28 gold pieces
  3940 | D:5      | Bought a scroll of teleportation for 42 gold pieces
  3940 | D:5      | Bought a scroll of immolation for 56 gold pieces
  3940 | D:5      | Bought a scroll of poison for 56 gold pieces
  3940 | D:5      | Bought a scroll of revelation for 105 gold pieces
  3940 | D:5      | Bought a scroll of teleportation for 42 gold pieces
  4019 | D:5      | Reached skill level 8 in Unarmed Combat
  4418 | D:6      | Found a sacrificial altar of Ru.
  4418 | D:6      | Found a radiant altar of Vehumet.
  4901 | D:6      | Found a sparkling altar of Nemelex Xobeh.
  4901 | D:6      | Found a transporter.
  5043 | D:6      | Reached skill level 9 in Unarmed Combat
  5147 | D:6      | Reached XP level 9. HP: 78/78 MP: 9/9
  5369 | D:6      | Found a bloodstained altar of Trog.
  5370 | D:6      | Found an iron altar of Okawaru.
  5372 | D:6      | Found a shimmering altar of Xom.
  5373 | D:6      | Found a blossoming altar of Fedhas.
  5380 | D:6      | Found an ancient bone altar of Kikubaaqudgha.
  5381 | D:6      | Found an ornate altar of the Wu Jian Council.
  5534 | D:7      | Paralysed by a hornet for 3 turns
  5537 | D:7      | HP: 2/78 [hornet (3)]
  5537 | D:7      | Mangled by a hornet

Illustrated notes

Levels and vault maps discovered:
D:1:      evilmike_arrival_plus, layout_loops_corners,
          shapermc_ecumenical_altar_ellora
D:2:      layout_basic, serial_shops, shop, guppyfry_early_orc_mine
D:3:      gammafunk_steamed_eel, layout_basic, lightli_temple_of_fire,
          roderic_filled_cross, uniq_robin, uniq_terence
D:4:      layout_gridville, minmay_temple_entry_mini_moons, uniq_edmund,
          uniq_natasha, uniq_ijyb
D:5:      layout_cave_pools, serial_shops, nicolae_lakefront_shop,
          kennysheep_generic_room_6, uniq_blork_the_orc, uniq_prince_ribbit1,
          uniq_menkaure, uniq_crazy_yiuf_cottage
D:6:      layout_loops_corners, nicolae_overflow_hallway_of_the_gods,
          grunt_nemelex_the_gamble
D:7:      layout_rooms, overflow_temple_1_default, serial_bayou,
          serial_bayou_crossing, serial_bayou_pond_d, serial_bayou_lake_a,
          serial_bayou_lagoon_a, serial_bayou_lagoon_b, uniq_pikel
Temple:   kb_corrupted_temple

Skill      XL: |  1  2  3  4  5  6  7  8 |
---------------+-------------------------+-----
Unarmed Combat | 2 3 4 5 7 9 |  9.1
Fighting       | 3 4 5 6 |  6.9
Armour         | |  3.6
Shields        | |  3.2

Action                     |  1- 3 |  4- 6 |  7- 9 || total
---------------------------+-------+-------+-------++-------
  Melee: Unarmed           |   142 |   223 |   204 ||   569
         Tailslap          |     9 |    20 |    23 ||    52
  Evoke: Wand              |       |       |     5 ||     5
    Use: Potion            |     1 |     2 |     1 ||     4
         Scroll            |       |     5 |     3 ||     8
   Stab: Paralysed         |       |       |     2 ||     2
         Distracted        |       |       |     1 ||     1
 Armour: Scale mail        |    79 |   154 |   140 ||   373
  Dodge: Dodged            |    40 |    34 |    44 ||   118
  Block: Buckler           |    15 |    29 |    26 ||    70
   Form: Beast             |       |       |     1 ||     1

Table legend: (Time is in decaauts)
 A = Elapsed time spent in this place.
 B = Non-inter-level travel time spent in this place.
 C = Inter-level travel time spent in this place.
 D = Time resting spent in this place.
 E = Time spent auto-exploring this place.
 F = Levels seen in this place.
 G = Mean time per level.
                   A        B        C        D        E       F      G
               +--------+--------+--------+--------+--------+-----+--------+
         Total |   5505 |   5231 |    274 |    213 |   3923 |   8 |  688.1 |
       Dungeon |   5467 |   5229 |    238 |    213 |   3923 |   7 |  781.0 |
        Temple |     38 |      2 |     36 |      0 |      0 |   1 |   38.0 |
               +--------+--------+--------+--------+--------+-----+--------+

Top non-repeatable levels by time:
     D:5: 1159 daAuts
     D:6: 1053 daAuts
     D:1: 907 daAuts
     D:4: 821 daAuts
     D:3: 808 daAuts
     D:2: 661 daAuts
     D:7: 56 daAuts
  Temple: 38 daAuts
